 Crawl Stoat Soup version 0.23-ish-327-87-g3a41155e8f (console) character file.

140 ceb the Grave Robber (level 5, 0/33 HPs)
             Began as a Faerie Dragon Necromancer on Mar 30, 2024.
             Slain by Eustachio
             ... wielding a +0 rapier
              (4 damage)
             ... on level 4 of the Dungeon.
             The game lasted 00:04:35 (2398 turns).

ceb the Grave Robber (Faerie Dragon Necromancer)    Turns: 2398, Time: 00:04:36

Health: 0/33       AC:  7    Str:  6    XL:     5   Next: 22%
Magic:  2/10       EV: 15    Int: 20    God:
Gold:   125        SH:  6    Dex: 12    Spells: 3/11 levels left

rFire    . . .     SeeInvis .   a - +0 short sword
rCold    . . .     Gourm    .   (shield restricted)
rNeg     . . .     Faith    .   (armour unavailable)
rPois    .         Spirit   .   b - +1 hat
rElec    .         Warding  .   (no cloak)
rCorr    .         Reflect  .   (no gloves)
MR       .....     Harm     .   (no boots)
Stlth    +.........             (no amulet)
HPRegen  0.11/turn              (no ring)
MPRegen  0.12/turn              (no ring)

@: flying
A: small, sparkly, unfitting armour, magic attunement, magical scales, able to
fly
a: Stop Flying


You were on level 4 of the Dungeon.
You were not hungry.

You visited 1 branch of the dungeon, and saw 4 of its levels.

You collected 125 gold pieces.

Inventory:

Hand Weapons
 a - a +0 short sword (weapon)
Armour
 b - a +1 hat (worn)
Jewellery
 g - an uncursed amulet of rage {unknown}
 l - an uncursed ring of positive energy {unknown}
Scrolls
 d - a scroll of immolation {unknown}
 i - 3 scrolls of teleportation {unknown}
 j - 2 scrolls of enchant weapon {unknown}
 k - a scroll of identify {unknown}
Potions
 e - a potion of heal wounds {unknown}
 m - a potion of curing {unknown}
Comestibles
 c - 3 bread rations
 f - 2 meat rations
 h - 2 chunks of flesh


   Skills:
 + Level 1.4 Fighting
 + Level 3.2 Dodging
 - Level 1.2 Stealth
 + Level 3.5 Spellcasting
 * Level 6.1 Necromancy


You had 3 spell levels left.
You knew the following spells:

 Your Spells              Type           Power        Failure   Level  Hunger
a - Necrotise             Necr           25/25        1%          1    None
b - Animate Dead          Necr           N/A          11%         4    None
c - Vampiric Draining     Necr           27/200       3%          3    None

Your spell library contained the following spells:

 Spells                   Type           Power        Failure   Level  Hunger
 Regeneration             Chrm/Necr      15/200       36%         4    None


Dungeon Overview and Level Annotations

Branches:
Dungeon (4/15)
 Temple: D:4-7

Altars:

Annotations:
D:4 Eustachio


Innate Abilities, Weirdness & Mutations

Your sparkly wings attract attention (Stealth-).
You are small and have problems with some larger weapons.
You cannot fit into any form of body armour.
Your spells do not cause hunger; their MP costs are reduced by 1.
Your shimmering scales repel attacks (AC +6, SH +6).
You can fly continuously.


Message History

Casting: Vampiric Draining (safe; 3% risk of failure)
Confirm with . or Enter, or press ? or * to list all spells.
You don't have enough magic to cast that spell.
You barely miss the rat. The rat misses you.
The white imp grinds its teeth.
You hit the rat.
You kill the rat!
The rat's corpse disappears in a puff of smoke!
The white imp laughs crazily.
The white imp gestures at you. The puff of frost hits you!
* * * LOW HITPOINT WARNING * * *
Eustachio growls, "To hell with you, honourless miscreant!"
You hit Eustachio.
Eustachio is severely wounded.
Eustachio casts a spell.
You barely miss Eustachio.
Eustachio is severely wounded.
Eustachio hits you with a rapier.
You die...

# #.# #. #@#
#.###@###.#..
#...r5b..5...
####.....).@..
#....#####.#..
###........# ..
##........#.# ##.#
#.......#.# #.#
#..#....#.# #.# #
#..#.##.#.# #.###.#
#..#.####.# ##.#...
#..#......# #....
#......####.# #..#
##..........# #.<# #
#####.#########.##.#
##..............#


You could see Eustachio, a river rat, a white imp and a bat.

Vanquished Creatures
  2 orc wizards (D:4)
  2 adders
  An ooze (D:1)
  4 worms
  A dart slug (D:1)
  3 leopard geckos
  3 orcs (D:4)
  A giant cockroach (D:1)
  5 goblins
  5 hobgoblins
  A weasel (D:2)
  A ball python (D:3)
  6 bats
  3 frilled lizards
  4 kobolds (D:1)
  3 rats
  A plant (D:1)
46 creatures vanquished.

Vanquished Creatures (collateral kills)
  A dart slug (D:1)
1 creature vanquished.

Grand Total: 47 creatures vanquished

Notes
Turn   | Place    | Note
-------+----------+-------------------------------------------
     0 | D:1      | ceb the Faerie Dragon Necromancer began the quest for the
                  | Orb.
     0 | D:1      | Reached XP level 1. HP: 11/11 MP: 3/3
   146 | D:1      | Reached skill level 5 in Necromancy
   300 | D:1      | Reached XP level 2. HP: 17/17 MP: 5/5
   639 | D:1      | Reached XP level 3. HP: 22/22 MP: 7/7
  1853 | D:2      | Reached XP level 4. HP: 27/27 MP: 8/8
  1862 | D:2      | Learned a level 4 spell: Animate Dead
  1866 | D:2      | Learned a level 3 spell: Vampiric Draining
  2063 | D:2      | Reached skill level 1 in Fighting
  2365 | D:4      | Noticed Eustachio
  2382 | D:4      | Reached skill level 6 in Necromancy
  2382 | D:4      | Reached XP level 5. HP: 22/33 MP: 1/10
  2398 | D:4      | Slain by Eustachio

Vault maps used:
D:1:      minmay_arrival_split_and_join, serial_forest,
          infiniplex_forest_corner_1, infiniplex_forest_end_2,
          infiniplex_forest_clump_large, infiniplex_forest_clump_curved,
          infiniplex_forest_clump_large
D:2:      corner_web_ring, lightli_corner_chamber
D:3:      nicolae_overflow_hidden_temple, first_bread
D:4:      nicolae_gozag_seed_capital, enter_ossuary_2, elyvilon_altar_3,
          uniq_eustachio

Skill      XL: |  1  2  3  4 |
---------------+-------------+-----
Necromancy     | 5 6 |  6.1
Spellcasting   | 3 |  3.5
Fighting       | 1 |  1.4
Dodging        | 3 |  3.2
Stealth        | |  1.2

Action                   |  1- 3 |  4- 6 || total
-------------------------+-------+-------++-------
Melee: Short sword       |    37 |    12 ||    49
 Cast: Necrotise         |    64 |    33 ||    97
       Vampiric Draining |       |     5 ||     5
  Eat: Chunk             |     3 |     1 ||     4
Armor: Skin              |     3 |     4 ||     7
Dodge: Dodged            |    18 |    13 ||    31
Block: Other             |    12 |     9 ||    21

Table legend:
 A = Spawn XP
 B = Non-spawn XP
 C = Spawn XP percentage of total XP
 D = Spawn monster count
 E = Non-spawn monster count
 F = Spawn count percentage of total count
 G = Total turns spent on level
                    A         B        C        D         E        F      G
               +---------+---------+-------+---------+---------+-------+---------
         Total |      24 |     176 |  12.0 |      12 |      34 |  26.1 |  2398
               +---------+---------+-------+---------+---------+-------+---------
           D:1 |      10 |      35 |  22.2 |       6 |      14 |  30.0 |  1186
           D:2 |      14 |      29 |  32.6 |       6 |       7 |  46.2 |  1066
           D:3 |       0 |      23 |   0.0 |       0 |       7 |   0.0 |    67
           D:4 |       0 |      89 |   0.0 |       0 |       6 |   0.0 |    79
               +---------+---------+-------+---------+---------+-------+---------
